 Dungeon Crawl Stone Soup version 0.19.0-2-gae57169 (webtiles) character file.

86 JeffiDaFish the Shield-Bearer (level 4, -3/28 HPs)
             Began as a Gargoyle Fighter on Nov 6, 2016.
             Slain by a gnoll
             ... wielding a +0 spear
              (6 damage)
             ... on level 2 of the Dungeon.
             The game lasted 00:03:58 (1168 turns).

JeffiDaFish the Shield-Bearer (Gargoyle Fighter)    Turns: 1168, Time: 00:03:59

Health: -3/28      AC: 10    Str: 20    XL:     4   Next: 50%
Magic:  4/4        EV:  7    Int:  9    God:
Gold:   68         SH: 10    Dex:  9    Spells: 0 memorised, 3 levels left

rFire  x . .     SeeInvis .     a - +0 flail
rCold  + . .     Gourm    .     b - +0 scale mail
rNeg   + . .     Faith    .     c - +1 shield
rPois  ∞         Spirit   .     (no helmet)
rElec  +         Reflect  .     (no cloak)
rCorr  .         Harm     .     (no gloves)
MR     .....                    (no boots)
Stlth  ..........               (no amulet)
                                (no ring)
                                e - ring of ice

@: no status effects
A: negative energy resistance 1, electricity resistance, unbreathing,
petrification resistance, rot immunity, AC +3
a: no special abilities


You were on level 2 of the Dungeon.
You were not hungry.

You visited 1 branch of the dungeon, and saw 2 of its levels.

You collected 68 gold pieces.

Inventory:

Hand Weapons
 a - a +0 flail (weapon)
 h - a cursed -3 whip
Armour
 b - a +0 scale mail (worn)
 c - a +1 shield (worn)
Jewellery
 e - a ring of ice (left hand)
Potions
 d - a potion of might
Comestibles
 f - 2 bread rations
 g - 2 chunks of flesh


   Skills:
 + Level 3.5 Fighting
 + Level 3.1 Maces & Flails
 + Level 3.7 Armour
 + Level 1.0 Dodging
 + Level 4.0 Shields


You had 3 spell levels left.
You didn't know any spells.

Dungeon Overview and Level Annotations

Branches:
Dungeon (2/15)

Altars:
Cheibriados
The Shining One


Innate Abilities, Weirdness & Mutations

You are resistant to torment.
Your stone body is resilient. (AC +3)
You are immune to poison.
You resist negative energy. (rN+)
You are resistant to electric shocks. (rElec)
You can survive without breathing.
You are immune to petrification.
You are immune to rotting.


Message History

Your shield and scale mail prevent you from hitting the gnoll.
The gnoll is severely wounded.
The gnoll hits you but does no damage. The gnoll hits you with a halberd.
* * * LOW HITPOINT WARNING * * *
You thump the gnoll!
You kill the gnoll!
You block the gnoll's attack. x2
It was a potion of curing.
You feel better. The gnoll hits you but does no damage.
The gnoll hits you but does no damage.
You are too injured to fight recklessly!
You are too injured to fight recklessly!
You barely miss the gnoll.
The gnoll is moderately wounded.
The gnoll hits you with a spear.
* * * LOW HITPOINT WARNING * * *
You hit the gnoll.
The gnoll is heavily wounded.
The gnoll hits you with a spear.
You die...

####### ####
#.....#.......#
#.....#.......#
#.....#.......#
#.....#.......#
#.....#.......# #
#.............# ...
#....@g.......####
....####...).#.......#...
.......#....)............
.......................#
.......##..#....#.....##
...###. ##.##...#.....# .
## .............##
###.##..#._8_..#.
###..#...........


You could see a gnoll.

Vanquished Creatures
  4 gnolls
  An adder (D:2)
  An ooze (D:1)
  A dart slug (D:1)
  A leopard gecko (D:1)
  A ball python (D:2)
  2 giant cockroaches (D:1)
  4 goblins
  3 hobgoblins (D:1)
  A quokka (D:2)
  4 bats
  2 frilled lizards (D:1)
  6 kobolds (D:1)
  3 rats
34 creatures vanquished.

Notes
Turn   | Place    | Note
-------+----------+-------------------------------------------
     0 | D:1      | JeffiDaFish the Gargoyle Fighter began the quest for the Orb.
     0 | D:1      | Reached XP level 1. HP: 14/14 MP: 1/1
   336 | D:1      | Reached XP level 2. HP: 12/19 MP: 2/2
   670 | D:1      | Reached XP level 3. HP: 23/23 MP: 3/3
   985 | D:2      | Found a snail-covered altar of Cheibriados.
   985 | D:2      | Found a glowing golden altar of the Shining One.
  1153 | D:2      | Reached skill level 1 in Dodging
  1153 | D:2      | Reached XP level 4. HP: 24/28 MP: 4/4
  1160 | D:2      | Reached skill level 4 in Shields
  1168 | D:2      | Slain by a gnoll

Skill      XL: |  1  2  3  4 |
---------------+-------------+-----
Maces & Flails | 3 |  3.1
Dodging        | 1 |  1.0
Shields        | 4 |  4.0
Fighting       | |  3.5
Armour         | |  3.7

Action                   |  1- 3 |  4- 6 || total
-------------------------+-------+-------++-------
Melee: Flail             |   127 |    12 ||   139
  Use: Scroll            |     4 |       ||     4
       Potion            |     1 |     1 ||     2
  Eat: Chunk             |     1 |       ||     1
Armor: Scale mail        |    78 |     8 ||    86
Dodge: Dodged            |    45 |     5 ||    50
Block: Shield            |    69 |    12 ||    81
